 Dungeon Crawl Stone Soup version 0.21.1-1-g345015f (webtiles) character file.

23 Fang the Skirmisher (level 3, 0/34 HPs)
             Began as a Gargoyle Berserker on May 31, 2018.
             Was a Follower of Trog.
             Slain by an adder (3 damage)
             ... on level 2 of the Dungeon.
             The game lasted 00:01:37 (723 turns).

Fang the Skirmisher (Gargoyle Berserker)             Turns: 723, Time: 00:01:38

Health: 0/34       AC:  5    Str: 26    XL:     3   Next: 0%
Magic:  3/3        EV: 12    Int:  7    God:    Trog [*.....]
Gold:   52         SH:  0    Dex:  9    Spells: 2/2 levels left

rFire    . . .     SeeInvis .   a - +0 hand axe
rCold    . . .     Gourm    .   (no shield)
rNeg     + . .     Faith    .   b - +0 animal skin
rPois    ∞         Spirit   .   (no helmet)
rElec    +         Reflect  .   (no cloak)
rCorr    .         Harm     .   (no gloves)
MR       .....                  (no boots)
Stlth    ..........             (no amulet)
HPRegen  0.11/turn              (no ring)
MPRegen  0.08/turn              (no ring)

@: berserking, very quick
A: negative energy resistance 1, electricity resistance, unbreathing,
petrification resistance, rot immunity, AC +3
a: Berserk, Burn Spellbooks, Renounce Religion


You were on level 2 of the Dungeon.
You worshipped Trog.
Trog was aware of your devotion.
You were not hungry.

You visited 1 branch of the dungeon, and saw 2 of its levels.

You collected 52 gold pieces.

Inventory:

Hand Weapons
 a - a +0 hand axe (weapon)
Armour
 b - a +0 animal skin (worn)
Scrolls
 e - 3 scrolls of teleportation {unknown}
 f - 2 scrolls of identify {unknown}
 g - a scroll of enchant armour {unknown}
 h - a scroll of noise {unknown}
 m - a scroll of blinking {unknown}
Potions
 d - 2 potions of agility {unknown}
 i - a potion of ambrosia {unknown}
 j - a potion of curing {unknown}
 k - a potion of mutation {unknown}
 l - a potion of haste {unknown}
 n - 3 potions of degeneration {unknown}
Comestibles
 c - 4 rations


   Skills:
 + Level 3.5 Fighting
 + Level 3.0 Axes
 + Level 2.3 Armour
 + Level 2.1 Dodging


You had 2 spell levels left.
You didn't know any spells.

Dungeon Overview and Level Annotations

Branches:
Dungeon (2/15)

Altars:


Innate Abilities, Weirdness & Mutations

You are resistant to torment.
Your stone body is resilient. (AC +3)
You are immune to poison.
You resist negative energy. (rN+)
You are resistant to electric shocks. (rElec)
You can survive without breathing.
You are immune to petrification.
You are immune to rotting.


Message History

A red film seems to cover your vision as you go berserk!
You feel yourself moving faster!
You feel mighty!
You feel quite a bit more hungry. The adder closely misses you.
You slash the worm!
The worm is almost dead.
You barely miss the adder. The adder bites you.
* * * LOW HITPOINT WARNING * * *
The worm barely misses you. The adder bites you.
* * * LOW HITPOINT WARNING * * *
Unknown command.
You slash the worm!
You kill the worm!
Trog accepts your kill.
You have reached level 3!
Your experience leads to an increase in your attributes!
Your base attributes are Str 20, Int 7, Dex 9.
Increase (S)trength, (I)ntelligence, or (D)exterity?
You feel stronger.
You closely miss the adder. The adder bites you.
You die...

...## ...# #. ...#..
....#..# ..#...#
....#...
.....#.#...#.#..
....#...#.#...#.
................
....$...S.......
.......†@.......
.............(..
##########........
#.......##........
##.#####.##........
###<.#####...........
#...)...####.........
#.#...#.####.########
....#.........#


You could see an adder.

Vanquished Creatures
  A worm (D:2)
  A dart slug (D:1)
  A giant cockroach (D:1)
  3 goblins (D:1)
  3 hobgoblins (D:1)
  2 jackals (D:1)
  3 bats (D:1)
  A kobold (D:1)
  3 rats (D:1)
18 creatures vanquished.

Notes
Turn   | Place    | Note
-------+----------+-------------------------------------------
     0 | D:1      | Fang the Gargoyle Berserker began the quest for the Orb.
     0 | D:1      | Reached XP level 1. HP: 14/14 MP: 1/1
    96 | D:1      | Reached XP level 2. HP: 17/19 MP: 2/2
   723 | D:2      | Reached XP level 3. HP: 3/23 MP: 3/3
   723 | D:2      | Slain by an adder

Skill      XL: |  1  2 |
---------------+-------+-----
Axes           | 3 |  3.0
Dodging        | 2 |  2.1
Fighting       | |  3.5
Armour         | |  2.3

Action                   || total
-------------------------++-------
Melee: Hand axe          ||    67
Invok: Berserk           ||     1
Armor: Animal skin       ||    28
Dodge: Dodged            ||    55
